 Dungeon Crawl Stone Soup version 0.21-a0-529-g8c7b3f5 (webtiles) character file.

8208 slep the Cleaver (level 11, -4/126 HPs)
             Began as a Demonspawn Gladiator on Dec 10, 2017.
             Was a High Priest of Okawaru.
             Slain by a cyclops (9 damage)
             ... on level 9 of the Dungeon.
             The game lasted 00:39:53 (8431 turns).

slep the Cleaver (Demonspawn Gladiator)             Turns: 8431, Time: 00:39:54

Health: -4/126     AC: 25    Str: 19    XL:     11   Next: 6%
Magic:  11/11      EV:  2    Int: 14    God:    Okawaru [*****.]
Gold:   518        SH:  0    Dex: 17    Spells: 10/10 levels left

rFire    . . .     SeeInvis .   W - +5 battleaxe (venom)
rCold    . . .     Gourm    .   (shield currently unavailable)
rNeg     + + +     Faith    .   (armour currently unavailable)
rPois    +         Spirit   .   (helmet currently unavailable)
rElec    .         Reflect  .   (cloak currently unavailable)
rCorr    .         Harm     .   (gloves currently unavailable)
MR       .....     NoTele   +   (boots currently unavailable)
Stlth    +++++.....             (no amulet)
HPRegen  0.31/turn              N - +3 ring of strength
MPRegen  0.12/turn              (no ring)

@: brilliant, tree-form, drained
A: nightstalker 2, screaming 1
a: Heroism, Finesse, Renounce Religion


You were on level 9 of the Dungeon.
You worshipped Okawaru.
Okawaru was extremely pleased with you.
You were hungry.
You were a tree.
You visited 2 branches of the dungeon, and saw 10 of its levels.

You collected 518 gold pieces.

Inventory:

Hand Weapons
 a - a +0 war axe
 p - a +0 trident
 s - a +0 blowgun
 v - a +0 blowgun
 y - a +4 battleaxe
 H - a +2 hand axe of chopping
 L - a +2 battleaxe of electrocution
 T - a +4 battleaxe
 W - a +5 battleaxe of venom (weapon)
Missiles
 d - 4 throwing nets (quivered)
 t - 7 curare-tipped needles
Armour
 b - a +0 leather armour
 c - a +0 helmet
 j - a +0 cloak
 E - a +2 cloak (melded)
 G - a +0 ring mail of cold resistance (melded)
Jewellery
 N - a +3 ring of strength (left branch)
 Q - an uncursed ring of protection from magic {unknown}
Wands
 z - a wand of polymorph (6)
 D - a wand of flame (16)
 I - a wand of disintegration (11)
 J - a wand of random effects (20)
 O - a wand of digging (18)
Scrolls
 l - a scroll of blinking
 o - 3 scrolls of identify
 r - 2 scrolls of enchant weapon {unknown}
 u - 4 scrolls of teleportation
 A - a scroll of enchant armour
 M - a scroll of magic mapping {unknown}
 P - 2 scrolls of remove curse
 U - a scroll of silence {unknown}
Potions
 e - 5 potions of brilliance
 g - a potion of lignification
 i - a potion of resistance
 n - a potion of curing
 q - a potion of flight
 x - a potion of might {unknown}
 B - a potion of ambrosia {unknown}
 C - a potion of heal wounds {unknown}
 F - a potion of agility {unknown}
 R - a potion of mutation
 V - a potion of haste {unknown}
Books
 h - Sif Muna's Papyrus of Changing
   (You found it on level 3 of the Dungeon)

   Spells                             Type                      Level
   a - Beastly Appendage              Transmutation                1
 K - a Grand Grimoire

   Spells                             Type                      Level
   a - Monstrous Menagerie            Summoning                    7
   b - Summon Greater Demon           Summoning                    7
   c - Malign Gateway                 Summoning/Translocation      7
   d - Summon Horrible Things         Summoning                    8
Comestibles
 f - 6 bread rations
 k - 2 royal jellies
 m - 4 meat rations
 S - 3 fruits


   Skills:
 + Level 7.3(6.7) Fighting
 + Level 11.4(10.8) Axes
 + Level 2.1(1.6) Throwing
 + Level 5.1(4.5) Armour
 + Level 5.5(4.9) Dodging
 + Level 5.4(4.9) Stealth


You had 10 spell levels left.
You didn't know any spells.

Dungeon Overview and Level Annotations

Branches:
Dungeon (9/15)             Temple (1/1) D:4            Lair (0/6) D:8
    Orc: D:9-12

Altars:
Ashenzari
Cheibriados
Dithmenos
Elyvilon
Fedhas
Gozag
Hepliaklqana
Kikubaaqudgha
Makhleb
Nemelex Xobeh
Okawaru
Qazlal
Ru
Sif Muna
Trog
Uskayaw
Vehumet
Wu Jian
Xom
Yredelemnul
Zin
The Shining One

Shops:
D:9 }


Innate Abilities, Weirdness & Mutations

((You have a pair of horns on your head.))
You are significantly more attuned to the shadows.
((You are partially covered in sharp spines.))
((When seriously injured, your bleeding wounds create thick armour. (AC +0)))
((You have large cloven feet.))
((Armour fits poorly on your strangely shaped body.))
((Your system is resistant to poisons. (rPois)))
You occasionally shout uncontrollably at your foes.


Message History

Your system completely accepts the healing effects of potions.
Your vision sharpens.
You feel less in control of your magic.
You regain control of your magic.
Your body twists and deforms.
The horns on your head grow some more.
The killer bee stings you but does no damage. x2
Wield which item (- for none, * to show all)? (? for menu, Esc to quit)
Okay, then.
You feel better. The killer bee barely misses you.
The killer bee stings you but does no damage.
The cyclops hits you but does no damage.
You slice the cyclops!!
The cyclops is moderately wounded.
You hit the killer bee.
You kill the killer bee!
Okawaru accepts your kill.
The killer bee stings you but does no damage.
The killer bee stings you.
* * * LOW HITPOINT WARNING * * *
The cyclops hits you!
You die...

#.. #.. #§#
#§# #C# #♣#
#y# ...
#y######....
#y§........y
#y..........
#...........
##...........
#..#....(....
#..#.....(...


You could see a cyclops and 2 killer bees.

Vanquished Creatures
  Erica (D:9)
  A centaur warrior (D:8)
  A two-headed ogre (D:9)
  The ghost of SFR the Blocker, a novice DgWn (D:9)
  A komodo dragon (D:8)
  A troll (D:9)
  A hippogriff (D:7)
  A wraith (D:8)
  2 hungry ghosts (D:8)
  Menkaure (D:6)
  2 ice beasts
  3 orc warriors
  4 phantoms
  An eye of draining (D:8)
  A black bear (D:6)
  2 sky beasts
  A necrophage (D:9)
  2 centaurs
  6 ogres
  3 big kobolds
  2 bullfrogs
  A killer bee (D:9)
  2 scorpions
  12 wights
  3 crimson imps
  A quasit (D:9)
  A bullfrog zombie (D:5)
  3 jellies
  4 hounds
  A centaur skeleton (D:5)
  9 orc priests
  A bullfrog skeleton (D:9)
  8 worker ants
  2 iguanas
  10 orc wizards
  10 adders
  8 gnolls
  A shadow imp (D:8)
  3 adder skeletons
  An adder zombie (D:8)
  5 worms
  4 dart slugs
  A leopard gecko (D:2)
  37 orcs
  13 bats
  7 giant cockroaches
  8 goblins
  4 hobgoblins
  11 jackals
  24 kobolds
  3 quokkas
  9 frilled lizards
  A leopard gecko skeleton (D:4)
  A quokka skeleton (D:4)
  A quokka zombie (D:7)
  7 rats
255 creatures vanquished.

Vanquished Creatures (others)
  A plant (D:8)
1 creature vanquished.

Grand Total: 256 creatures vanquished

Notes
Turn   | Place    | Note
-------+----------+-------------------------------------------
     0 | D:1      | slep the Demonspawn Gladiator began the quest for the Orb.
     0 | D:1      | Reached XP level 1. HP: 16/16 MP: 1/1
   141 | D:1      | Reached skill level 3 in Axes
   224 | D:1      | Gained mutation: When seriously injured, your bleeding wounds create armour. (AC +0) [demonic ancestry]
   224 | D:1      | Reached XP level 2. HP: 20/22 MP: 2/2
   477 | D:1      | Gained mutation: You have a pair of small horns on your head. [demonic ancestry]
   477 | D:1      | Reached XP level 3. HP: 27/27 MP: 3/3
   952 | D:2      | Gained mutation: You are slightly more attuned to the shadows. [demonic ancestry]
   952 | D:2      | Reached XP level 4. HP: 33/33 MP: 4/4
  1527 | D:3      | Reached skill level 1 in Stealth
  1529 | D:3      | Reached skill level 4 in Axes
  1646 | D:3      | Reached XP level 5. HP: 26/39 MP: 5/5
  1975 | D:3      | Found a deep blue altar of Sif Muna.
  2009 | D:3      | Reached skill level 1 in Armour
  2488 | D:3      | Identified Sif Muna's Papyrus of Changing
  2498 | D:4      | Gained mutation: You are significantly more attuned to the shadows. [demonic ancestry]
  2498 | D:4      | Reached XP level 6. HP: 22/46 MP: 6/6
  2844 | D:4      | Found a staircase to the Ecumenical Temple.
  2849 | Temple   | Entered the Ecumenical Temple
  2971 | Temple   | Became a worshipper of Warmaster Okawaru
  3067 | D:4      | Found a shattered altar of Ashenzari.
  3114 | D:4      | Reached skill level 5 in Axes
  3655 | D:5      | Entered Level 5 of the Dungeon
  3670 | D:5      | Gained mutation: When seriously injured, your bleeding wounds create thick armour. (AC +0) [demonic ancestry]
  3670 | D:5      | Reached XP level 7. HP: 40/52 MP: 7/7
  3829 | D:5      | Gained mutation: Potions are less effective at restoring your health. [mutagenic meat]
  3831 | D:5      | Gained mutation: Scrolls take you a little longer to read. [mutagenic meat]
  3832 | D:5      | Gained mutation: You have large cloven feet. [mutagenic meat]
  3833 | D:5      | Gained mutation: Your system is resistant to poisons. (rPois) [mutagenic meat]
  3834 | D:5      | Gained mutation: You occasionally shout uncontrollably at your foes. [mutagenic meat]
  3981 | D:5      | Reached * piety under Okawaru
  4061 | D:5      | Reached skill level 6 in Axes
  4334 | D:5      | Reached XP level 8. HP: 52/60 MP: 8/8
  4871 | D:6      | Reached skill level 7 in Axes
  5009 | D:6      | Reached ** piety under Okawaru
  5225 | D:6      | Noticed Menkaure
  5229 | D:6      | Killed Menkaure
  5229 | D:6      | Reached skill level 8 in Axes
  5341 | D:6      | Reached XP level 9. HP: 40/67 MP: 9/9
  5722 | D:7      | Reached *** piety under Okawaru
  5840 | D:7      | Reached skill level 5 in Fighting
  5970 | D:7      | Reached skill level 9 in Axes
  6748 | D:8      | Reached skill level 5 in Dodging
  6763 | D:8      | Reached **** piety under Okawaru
  6922 | D:8      | Noticed a centaur warrior
  6931 | D:8      | Killed a centaur warrior
  6931 | D:8      | Reached skill level 10 in Axes
  6931 | D:8      | Gained mutation: You are partially covered in sharp spines. [demonic ancestry]
  6931 | D:8      | Reached XP level 10. HP: 29/76 MP: 10/10
  7277 | D:8      | Found a staircase to the Lair.
  7342 | D:8      | Reached ***** piety under Okawaru
  7980 | D:9      | Found Faces's Gadget Shop.
  7988 | D:9      | Noticed SFR's ghost (novice DgWn)
  7997 | D:9      | Killed SFR's ghost
  7997 | D:9      | Reached skill level 5 in Stealth
  7999 | D:9      | Noticed Erica
  8014 | D:9      | Killed Erica
  8014 | D:9      | Reached skill level 11 in Axes
  8014 | D:9      | Reached skill level 5 in Armour
  8222 | D:9      | Noticed a two-headed ogre
  8231 | D:9      | Killed a two-headed ogre
  8231 | D:9      | Reached XP level 11. HP: 41/84 MP: 11/11
  8266 | D:9      | Noticed a hand axe
  8267 | D:9      | Found a hide-covered altar of Uskayaw.
  8267 | D:9      | Noticed a dagger
  8424 | D:9      | HP: 1/126 [cyclops/large rock (17)]
  8429 | D:9      | Lost mutation: Potions are less effective at restoring your health. [potion of mutation]
  8429 | D:9      | Lost mutation: Scrolls take you a little longer to read. [potion of mutation]
  8429 | D:9      | Gained mutation: Your spells are a little harder to cast, but a little more powerful. [potion of mutation]
  8429 | D:9      | Lost mutation: Your spells are a little harder to cast, but a little more powerful. [potion of mutation]
  8429 | D:9      | Gained mutation: Armour fits poorly on your strangely shaped body. [potion of mutation]
  8429 | D:9      | Gained mutation: You have a pair of horns on your head. [potion of mutation]
  8431 | D:9      | HP: 5/126 [killer bee (4)]
  8431 | D:9      | Slain by a cyclops

Vault maps used:
D:1:      minmay_arrival_widening_spiral_wide
D:3:      nrook_mini_vaults, minmay_misc_feat_more_columns, led_sif_book
D:4:      temple_doors_cd, st_stairs_9, ashenzari_altar_1
D:5:      first_bread
D:6:      minmay_door_square, uniq_menkaure
D:8:      cheibrodos_elevator_heist, david_lair_shrubbed
D:9:      minmay_cut_squares, dancing_weapons_uskayaw, serial_shops,
          shop_statue, uniq_erica
Temple:   kilobyte_greek_temple

Skill      XL: |  1  2  3  4  5  6  7  8  9 10 |
---------------+-------------------------------+-----
Axes           | 3 4 5 6 8 10 11 | 11.4
Dodging        | 3 4 5 |  5.5
Stealth        | 1 2 3 4 5 |  5.4
Armour         | 1 2 3 4 5 |  5.1
Fighting       | 3 4 6 7 |  7.3
Throwing       | 2 |  2.1

Action                   |  1- 3 |  4- 6 |  7- 9 | 10-12 || total
-------------------------+-------+-------+-------+-------++-------
Melee: War axe           |    92 |   172 |   297 |       ||   561
       Headbutt          |     5 |    30 |    74 |    26 ||   135
       Kick              |       |       |   108 |    28 ||   136
       Hand axe          |       |       |    33 |       ||    33
       Battleaxe         |       |       |    12 |   113 ||   125
       Unarmed           |       |       |       |    21 ||    21
 Fire: Blowgun           |       |       |       |     2 ||     2
Throw: Throwing net      |       |       |     2 |       ||     2
       Tomahawk          |       |       |       |     4 ||     4
  Use: Scroll            |       |     2 |       |     8 ||    10
       Potion            |       |       |       |     7 ||     7
 Stab: Sleeping          |     2 |    16 |     9 |    10 ||    37
       Distracted        |       |       |     2 |       ||     2
  Eat: Chunk             |       |     8 |    18 |     6 ||    32
Armor: Leather armour    |    36 |    50 |    57 |       ||   143
       Ring mail         |       |       |    24 |    30 ||    54
       Skin              |       |       |       |    25 ||    25
Dodge: Dodged            |    92 |   120 |   198 |    76 ||   486

Table legend:
 A = Spawn XP
 B = Non-spawn XP
 C = Spawn XP percentage of total XP
 D = Spawn monster count
 E = Non-spawn monster count
 F = Spawn count percentage of total count
 G = Total turns spent on level
                    A         B        C        D         E        F      G
               +---------+---------+-------+---------+---------+-------+---------
         Total |       0 |   11726 |   0.0 |       0 |     255 |   0.0 |  8431
               +---------+---------+-------+---------+---------+-------+---------
           D:1 |       0 |      47 |   0.0 |       0 |      19 |   0.0 |   623
           D:2 |       0 |      69 |   0.0 |       0 |      26 |   0.0 |   850
           D:3 |       0 |     262 |   0.0 |       0 |      37 |   0.0 |  1018
           D:4 |       0 |     327 |   0.0 |       0 |      15 |   0.0 |   997
           D:5 |       0 |     802 |   0.0 |       0 |      23 |   0.0 |   996
           D:6 |       0 |    1435 |   0.0 |       0 |      32 |   0.0 |  1045
           D:7 |       0 |    1562 |   0.0 |       0 |      33 |   0.0 |  1129
           D:8 |       0 |    3032 |   0.0 |       0 |      40 |   0.0 |  1028
           D:9 |       0 |    4190 |   0.0 |       0 |      30 |   0.0 |   578
               +---------+---------+-------+---------+---------+-------+---------
